 Seeded DCSS version 0.29.1-15-g9cfb28693d (webtiles) character file.

Game seed: 9633475881546976158 (custom seed)

6 Psyclone the Stinger (level 1, 10/10 HPs)
             Began as a Deep Elf Venom Mage on Sept 24, 2023.
             Quit the game on level 1 of the Dungeon.
             The game lasted 00:04:11 (724 turns).

Psyclone the Stinger (Deep Elf Venom Mage)           Turns: 724, Time: 00:04:12

Health: 10/10      AC:  4    Str:  5    XL:     1   Next: 75%
Magic:  6/6        EV: 12    Int: 19    God:
Gold:   49         SH:  0    Dex: 15    Spells: 5/6 levels left

rFire   . . .      SeeInvis .   i - +3 dagger
rCold   . . .      Faith    .   (no shield)
rNeg    . . .      Spirit   .   a - +0 robe
rPois   .          Reflect  .   e - +0 helmet
rElec   .          Harm     .   d - +0 cloak
rCorr   .          Rampage  .   (no gloves)
Will    .....                   (no boots)
Stlth   ++........              (no amulet)
HPRegen 0.03/turn               (no ring)
MPRegen 0.10/turn               (no ring)

@: no status effects
A: no striking features
a: no special abilities


You were on level 1 of the Dungeon.
You visited 1 branch of the dungeon, and saw 1 of its levels.

You collected 49 gold pieces.

Inventory:

Hand Weapons
 i - a +3 dagger (weapon)
Armour
 a - a +0 robe (worn)
 d - a +0 cloak (worn)
 e - a +0 helmet (worn)
Scrolls
 f - a scroll of identify {unknown}
 g - a scroll of magic mapping {unknown}
Potions
 b - a potion of magic
 c - 3 potions of curing {unknown}
 h - a potion of brilliance {unknown}


   Skills:
 + Level 2.5 Dodging
 + Level 2.6 Stealth
 + Level 3.1 Spellcasting
 + Level 1.3 Transmutations
 + Level 3.3 Poison Magic


You had 5 spell levels left.
You knew the following spells:

 Your Spells              Type           Power      Damage    Failure   Level
a - Sting                 Tmut/Pois      44%        1d5       6%          1

Your spell library contained the following spells:

 Spells                   Type           Power      Damage    Failure   Level
 Poisonous Vapours        Pois/Air       18%        N/A       12%         2
 Mephitic Cloud           Conj/Pois/Air  7%         N/A       28%         3
 Olgreb's Toxic Radiance  Pois           15%        N/A       36%         4
 Portal Projectile        Hex/Tloc       4%         N/A       41%         3
 Tukima's Dance           Hex            2%         N/A       41%         3
 Blade Hands              Tmut           3%         N/A       94%         5


Dungeon Overview and Level Annotations

Branches:
Dungeon (1/15) Zot: 5275

Altars:

Shops:
D:1 *=?:


Message History

You now have 1/6 mp.
Casting: Sting (safe; 6% risk of failure)
Confirm with . or Enter, or press ? or * to list all spells.
Aiming: Sting (safe; 6% risk of failure)
Press: ? - help, Shift-Dir - straight line, f/p - endoplasm
Aim: an endoplasm (severely wounded, poisoned, 98% to hit)
The sting hits the endoplasm.
The endoplasm partially resists.
The endoplasm looks even sicker.
The endoplasm is almost dead.
You kill the endoplasm!
You now have 0/6 mp.
h - a bubbling yellow potion You now have 49 gold pieces (gained 4).
c - 2 clear potions (gained 1)
You see here a +3 dagger.
MP restored: 6
i - a +3 dagger
i - a +3 dagger (weapon)
c - 3 clear potions (gained 1)
Found Piqeim's General Store.
There is an entrance to Piqeim's General Store here.
You can access your shopping list by pressing '$'.
You open the door.
There is an open door here.
Found Demo's Jewellery Emporium.
There is an entrance to Demo's Jewellery Emporium here.
You can access your shopping list by pressing '$'.
There is an open door here.
You open the door.
Found Gywyxzo's Magic Scroll Emporium.
There is an open door here.
There is an entrance to Gywyxzo's Magic Scroll Emporium here.
You can access your shopping list by pressing '$'.
There is an open door here.
Done exploring.
Okay, then.
Okay, then.
Unknown command.
Unknown command.
Are you sure you want to abandon this character and quit the game? (Confirm with "yes".)

####### #.....# ######
############.....# #....#
.....#....##.....# #....#####
.....#....##.....# #........#
.....#....##.....# ####.....#
.....#....##.....######.....# #
.....#....##....@....##.....# ###
.....#.....≈≈≈≈.......+.....# #..
.....#.....≈.........##.....###..
...........≈≈≈≈......##..........
.................................
...........####......##.....##...
...........# #......#########...
...........# #......# ####
...........# #......############


There were no monsters in sight!

Vanquished Creatures
  2 endoplasms (D:1)
  2 hobgoblins (D:1)
  A frilled lizard (D:1)
5 creatures vanquished.

Notes
Turn   | Place    | Note
-------+----------+-------------------------------------------
     0 | D:1      | Psyclone the Deep Elf Venom Mage began the quest for the
                  | Orb.
     0 | D:1      | Reached XP level 1. HP: 10/10 MP: 6/6
    54 | D:1      | Found Ufuasch's Book Shoppe.
   441 | D:1      | Found Piqeim's General Store.
   492 | D:1      | Found Demo's Jewellery Emporium.
   557 | D:1      | Found Gywyxzo's Magic Scroll Emporium.
   724 | D:1      | Quit the game

Illustrated notes

Levels and vault maps discovered:
D:1:      dpeg_arrival_more_subterranean_lakeside_camping, layout_basic,
          serial_shops, shop, nicolae_shop_window_shopping, nicolae_shop_trees,
          shop, chequers_serial_rivers_micro_d

Action                   || total
-------------------------++-------
 Cast: Sting             ||     9
